Workbook
Name Coût: 'RÉCAPITULATIF - COMMANDE'!$D$9:$D$42
Name Prix_vente_unitaire: 'RÉCAPITULATIF - COMMANDE'!$E$9:$E$42
Name Prixdevente: 'RÉCAPITULATIF - COMMANDE'!$E$9:$E$42

Sheet RÉCAPITULATIF - COMMANDE
B2: ACTIVITÉ DE FINANCEMENT 2026-2027
B3: RÉCAPITULATIF COMMANDE
B9: FROMAGE FRAIS | C9: Code VAM | D9: Coût /Unité | E9: Prix vente /Unité | F9: COMMANDE (Quantité) | G9: Coût total
A10: #01 | B10: Grain frais - 200g | C10: 11114 | D10: 5.25 | E10: 8.5 | G10: =D10*F10 -> 0
A11: #02 | B11: Grain frais - 1 kg | C11: 11120 | D11: 21 | E11: 31 | G11: =D11*F11 -> 0
A12: #03 | B12: Cheddar frais BLANC - 230g | C12: 13101 | D12: 5 | E12: 8.5 | G12: =D12*F12 -> 0
A13: #04 | B13: Cheddar frais JAUNE - 230g | C13: 13201 | D13: 5 | E13: 8.5 | G13: =D13*F13 -> 0
A14: #05 | B14: Cheddar frais MARBRÉ - 230g | C14: 13301 | D14: 5 | E14: 8.5 | G14: =D14*F14 -> 0
B16: TORTILLON FROID | C16: Code VAM | D16: Coût /Unité | E16: Prix vente /Unité | F16: COMMANDE (Quantité) | G16: Coût total
A17: #06 | B17: Tortillon Original - 12x 50g | C17: 26102 | D17: 2 | E17: 3 | G17: =D17*F17 -> 0
A18: #07 | B18: Tortillon Original - 12x 100g | C18: 26106 | D18: 3 | E18: 5 | G18: =D18*F18 -> 0
A19: #08 | B19: Tortillon BBQ - 12x 50g | C19: 26108 | D19: 2 | E19: 3 | G19: =D19*F19 -> 0
B21: POUTINE | C21: Code VAM | D21: Coût /Unité | E21: Prix vente /Unité | F21: COMMANDE (Quantité) | G21: Coût total
A22: #09 | B22: Poutine La Grosse - 400g | C22: 22118 | D22: 7 | E22: 9.75 | G22: =D22*F22 -> 0
A23: #10 | B23: Poutine La Familiale - 1kg | C23: 22120 | D23: 16.75 | E23: 23.25 | G23: =D23*F23 -> 0
B25: CHEDDAR | C25: Code VAM | D25: Coût /Unité | E25: Prix vente /Unité | F25: COMMANDE (Quantité) | G25: Coût total
A26: #11 | B26: Cheddar Bacon & Érable - 230g | C26: 23132 | D26: 6.5 | E26: 9.25 | G26: =D26*F26 -> 0
A27: #12 | B27: Cheddar à fleur d'ail - 230g | C27: 23122 | D27: 6.5 | E27: 9.25 | G27: =D27*F27 -> 0
A28: #13 | B28: Brique cheddar jaune froide - 1,25kg | C28: 24205 | D28: 20.75 | E28: 26 | G28: =D28*F28 -> 0
A29: #14 | B29: Brique cheddar marbré froide - 1,25kg | C29: 24305 | D29: 20.75 | E29: 26 | G29: =D29*F29 -> 0
B31: FROMAGES FINS | C31: Code VAM | D31: Coût /Unité | E31: Prix vente /Unité | F31: COMMANDE (Quantité) | G31: Coût total
A32: #15 | B32: Nordik | Expérience gourmande - 580g | C32: 35000 | D32: 20.5 | E32: 29 | G32: =D32*F32 -> 0
A33: #16 | B33: Allegretto - 130g | C33: 36102 | D33: 6.5 | E33: 9.75 | G33: =D33*F33 -> 0
A34: #17 | B34: Du-Charme - 150g | C34: 32102 | D34: 5.75 | E34: 8.5 | G34: =D34*F34 -> 0
A35: #18 | B35: Fredondaine - 150g | C35: 34102 | D35: 5.75 | E35: 8.5 | G35: =D35*F35 -> 0
A36: #19 | B36: Rose - 150g | C36: 33102 | D36: 5.75 | E36: 8.5 | G36: =D36*F36 -> 0
A37: #20 | B37: Bâtisseur - 150g | C37: 30102 | D37: 5.75 | E37: 8.5 | G37: =D37*F37 -> 0
A38: #21 | B38: Rustik - 170g | C38: 37201 | D38: 7.5 | E38: 10.5 | G38: =D38*F38 -> 0
A39: #22 | B39: Jocoeur (Bloc) - 250g | C39: 28110 | D39: 6.5 | E39: 9.25 | G39: =D39*F39 -> 0
A40: #23 | B40: Tartineux nature - 150g | C40: 27101 | D40: 5.75 | E40: 7.75 | G40: =D40*F40 -> 0
A41: #24 | B41: Tartineux fleur d'ail - 150g | C41: 27102 | D41: 5.75 | E41: 7.75 | G41: =D41*F41 -> 0
A42: #25 | B42: Le Braséo - 230g | C42: 39102 | D42: 6.5 | E42: 9.25 | G42: =D42*F42 -> 0
A43: #26 | B43: La Perle - 200g | C43: 40102 | D43: 7 | E43: 10 | G43: =D43*F43 -> 0
A44: #27 | B44: Beurre le Tombeur 454g | C44: 31005 | D44: 5 | E44: 8.5 | G44: =D44*F44 -> 0
F46: TOTAL | G46: =SUM(G10:G14,G17:G19,G22:G23,G26:G29,G32:G44) -> 0
D47: NON DISPONIBLE

Sheet TABLEAU DE BORD - RESPONSABLE
C2: ACTIVITÉ DE FINANCEMENT 2026-2027
C3: TABLEAU DE BORD
C5: Ce tableau de bord est destiné au(x) reponsable(s) de la campagne de financement. Le tableau est mis à jour automatiquement avec les données de la feuille Récapitulatif de commande.
B9: FROMAGE FRAIS | C9: QUANTITÉ commandée | D9: VENTE par produit (en $) | E9: COMMISSION (en $) | F9: MARGE (%)
A10: #01 | B10: Grain frais - 200g | C10: ='RÉCAPITULATIF - COMMANDE'!F10 -> 0 | D10: ='RÉCAPITULATIF - COMMANDE'!E10*'RÉCAPITULATIF - COMMANDE'!F10 -> 0 | E10: =('RÉCAPITULATIF - COMMANDE'!E10-'RÉCAPITULATIF - COMMANDE'!D10)*'RÉCAPITULATIF - COMMANDE'!F10 -> 0 | F10: =1-(('RÉCAPITULATIF - COMMANDE'!E10-'RÉCAPITULATIF - COMMANDE'!D10)/'RÉCAPITULATIF - COMMANDE'!D10) -> 0.38095238
A11: #02 | B11: Grain frais - 1 kg | C11: ='RÉCAPITULATIF - COMMANDE'!F11 -> 0 | D11: ='RÉCAPITULATIF - COMMANDE'!E11*'RÉCAPITULATIF - COMMANDE'!F11 -> 0 | E11: =('RÉCAPITULATIF - COMMANDE'!E11-'RÉCAPITULATIF - COMMANDE'!D11)*'RÉCAPITULATIF - COMMANDE'!F11 -> 0 | F11: =1-(('RÉCAPITULATIF - COMMANDE'!E11-'RÉCAPITULATIF - COMMANDE'!D11)/'RÉCAPITULATIF - COMMANDE'!D11) -> 0.52380952
A12: #03 | B12: Cheddar frais BLANC - 230g | C12: ='RÉCAPITULATIF - COMMANDE'!F12 -> 0 | D12: ='RÉCAPITULATIF - COMMANDE'!E12*'RÉCAPITULATIF - COMMANDE'!F12 -> 0 | E12: =('RÉCAPITULATIF - COMMANDE'!E12-'RÉCAPITULATIF - COMMANDE'!D12)*'RÉCAPITULATIF - COMMANDE'!F12 -> 0 | F12: =1-(('RÉCAPITULATIF - COMMANDE'!E12-'RÉCAPITULATIF - COMMANDE'!D12)/'RÉCAPITULATIF - COMMANDE'!D12) -> 0.3
A13: #04 | B13: Cheddar frais JAUNE - 230g | C13: ='RÉCAPITULATIF - COMMANDE'!F13 -> 0 | D13: ='RÉCAPITULATIF - COMMANDE'!E13*'RÉCAPITULATIF - COMMANDE'!F13 -> 0 | E13: =('RÉCAPITULATIF - COMMANDE'!E13-'RÉCAPITULATIF - COMMANDE'!D13)*'RÉCAPITULATIF - COMMANDE'!F13 -> 0 | F13: =1-(('RÉCAPITULATIF - COMMANDE'!E13-'RÉCAPITULATIF - COMMANDE'!D13)/'RÉCAPITULATIF - COMMANDE'!D13) -> 0.3
A14: #05 | B14: Cheddar frais MARBRÉ - 230g | C14: ='RÉCAPITULATIF - COMMANDE'!F14 -> 0 | D14: ='RÉCAPITULATIF - COMMANDE'!E14*'RÉCAPITULATIF - COMMANDE'!F14 -> 0 | E14: =('RÉCAPITULATIF - COMMANDE'!E14-'RÉCAPITULATIF - COMMANDE'!D14)*'RÉCAPITULATIF - COMMANDE'!F14 -> 0 | F14: =1-(('RÉCAPITULATIF - COMMANDE'!E14-'RÉCAPITULATIF - COMMANDE'!D14)/'RÉCAPITULATIF - COMMANDE'!D14) -> 0.3
B16: TORTILLON FROID | C16: QUANTITÉ commandée | D16: VENTE par produit (en $) | E16: COMMISSION (en $) | F16: MARGE (%)
A17: #06 | B17: Tortillon Original - 12x 50g | C17: ='RÉCAPITULATIF - COMMANDE'!F17 -> 0 | D17: ='RÉCAPITULATIF - COMMANDE'!E17*'RÉCAPITULATIF - COMMANDE'!F17 -> 0 | E17: =('RÉCAPITULATIF - COMMANDE'!E17-'RÉCAPITULATIF - COMMANDE'!D17)*'RÉCAPITULATIF - COMMANDE'!F17 -> 0 | F17: =1-(('RÉCAPITULATIF - COMMANDE'!E17-'RÉCAPITULATIF - COMMANDE'!D17)/'RÉCAPITULATIF - COMMANDE'!D17) -> 0.5
A18: #07 | B18: Tortillon Original - 12x 100g | C18: ='RÉCAPITULATIF - COMMANDE'!F18 -> 0 | D18: ='RÉCAPITULATIF - COMMANDE'!E18*'RÉCAPITULATIF - COMMANDE'!F18 -> 0 | E18: =('RÉCAPITULATIF - COMMANDE'!E18-'RÉCAPITULATIF - COMMANDE'!D18)*'RÉCAPITULATIF - COMMANDE'!F18 -> 0 | F18: =1-(('RÉCAPITULATIF - COMMANDE'!E18-'RÉCAPITULATIF - COMMANDE'!D18)/'RÉCAPITULATIF - COMMANDE'!D18) -> 0.33333333
A19: #08 | B19: Tortillon BBQ - 12x 50g | C19: ='RÉCAPITULATIF - COMMANDE'!F19 -> 0 | D19: ='RÉCAPITULATIF - COMMANDE'!E19*'RÉCAPITULATIF - COMMANDE'!F19 -> 0 | E19: =('RÉCAPITULATIF - COMMANDE'!E19-'RÉCAPITULATIF - COMMANDE'!D19)*'RÉCAPITULATIF - COMMANDE'!F19 -> 0 | F19: =1-(('RÉCAPITULATIF - COMMANDE'!E19-'RÉCAPITULATIF - COMMANDE'!D19)/'RÉCAPITULATIF - COMMANDE'!D19) -> 0.5
B21: POUTINE | C21: QUANTITÉ commandée | D21: VENTE par produit (en $) | E21: COMMISSION (en $) | F21: MARGE (%)
A22: #09 | B22: Poutine La Grosse - 400g | C22: ='RÉCAPITULATIF - COMMANDE'!F22 -> 0 | D22: ='RÉCAPITULATIF - COMMANDE'!E22*'RÉCAPITULATIF - COMMANDE'!F22 -> 0 | E22: =('RÉCAPITULATIF - COMMANDE'!E22-'RÉCAPITULATIF - COMMANDE'!D22)*'RÉCAPITULATIF - COMMANDE'!F22 -> 0 | F22: =1-(('RÉCAPITULATIF - COMMANDE'!E22-'RÉCAPITULATIF - COMMANDE'!D22)/'RÉCAPITULATIF - COMMANDE'!D22) -> 0.60714286
A23: #10 | B23: Poutine La Familiale - 1 kg | C23: ='RÉCAPITULATIF - COMMANDE'!F23 -> 0 | D23: ='RÉCAPITULATIF - COMMANDE'!E23*'RÉCAPITULATIF - COMMANDE'!F23 -> 0 | E23: =('RÉCAPITULATIF - COMMANDE'!E23-'RÉCAPITULATIF - COMMANDE'!D23)*'RÉCAPITULATIF - COMMANDE'!F23 -> 0 | F23: =1-(('RÉCAPITULATIF - COMMANDE'!E23-'RÉCAPITULATIF - COMMANDE'!D23)/'RÉCAPITULATIF - COMMANDE'!D23) -> 0.6119403
B25: CHEDDAR | C25: QUANTITÉ commandée | D25: VENTE par produit (en $) | E25: COMMISSION (en $) | F25: MARGE (%)
A26: #11 | B26: Cheddar Bacon & Érable - 230g | C26: ='RÉCAPITULATIF - COMMANDE'!F26 -> 0 | D26: ='RÉCAPITULATIF - COMMANDE'!E26*'RÉCAPITULATIF - COMMANDE'!F26 -> 0 | E26: =('RÉCAPITULATIF - COMMANDE'!E26-'RÉCAPITULATIF - COMMANDE'!D26)*'RÉCAPITULATIF - COMMANDE'!F26 -> 0 | F26: =1-(('RÉCAPITULATIF - COMMANDE'!E26-'RÉCAPITULATIF - COMMANDE'!D26)/'RÉCAPITULATIF - COMMANDE'!D26) -> 0.57692308
A27: #12 | B27: Cheddar à fleur d'ail - 230g | C27: ='RÉCAPITULATIF - COMMANDE'!F27 -> 0 | D27: ='RÉCAPITULATIF - COMMANDE'!E27*'RÉCAPITULATIF - COMMANDE'!F27 -> 0 | E27: =('RÉCAPITULATIF - COMMANDE'!E27-'RÉCAPITULATIF - COMMANDE'!D27)*'RÉCAPITULATIF - COMMANDE'!F27 -> 0 | F27: =1-(('RÉCAPITULATIF - COMMANDE'!E27-'RÉCAPITULATIF - COMMANDE'!D27)/'RÉCAPITULATIF - COMMANDE'!D27) -> 0.57692308
A28: #13 | B28: Brique cheddar jaune froide - 1,25kg | C28: ='RÉCAPITULATIF - COMMANDE'!F28 -> 0 | D28: ='RÉCAPITULATIF - COMMANDE'!E28*'RÉCAPITULATIF - COMMANDE'!F28 -> 0 | E28: =('RÉCAPITULATIF - COMMANDE'!E28-'RÉCAPITULATIF - COMMANDE'!D28)*'RÉCAPITULATIF - COMMANDE'!F28 -> 0 | F28: =1-(('RÉCAPITULATIF - COMMANDE'!E28-'RÉCAPITULATIF - COMMANDE'!D28)/'RÉCAPITULATIF - COMMANDE'!D28) -> 0.74698795
A29: #14 | B29: Brique cheddar jaune marbré - 1,25kg | C29: ='RÉCAPITULATIF - COMMANDE'!F29 -> 0 | D29: ='RÉCAPITULATIF - COMMANDE'!E29*'RÉCAPITULATIF - COMMANDE'!F29 -> 0 | E29: =('RÉCAPITULATIF - COMMANDE'!E29-'RÉCAPITULATIF - COMMANDE'!D29)*'RÉCAPITULATIF - COMMANDE'!F29 -> 0 | F29: =1-(('RÉCAPITULATIF - COMMANDE'!E29-'RÉCAPITULATIF - COMMANDE'!D29)/'RÉCAPITULATIF - COMMANDE'!D29) -> 0.74698795
B31: FROMAGES FINS | C31: QUANTITÉ commandée | D31: VENTE par produit (en $) | E31: COMMISSION (en $) | F31: MARGE (%)
A32: #15 | B32: Nordik | Expérience gourmande - 580g | C32: ='RÉCAPITULATIF - COMMANDE'!F32 -> 0 | D32: ='RÉCAPITULATIF - COMMANDE'!E32*'RÉCAPITULATIF - COMMANDE'!F32 -> 0 | E32: =('RÉCAPITULATIF - COMMANDE'!E32-'RÉCAPITULATIF - COMMANDE'!D32)*'RÉCAPITULATIF - COMMANDE'!F32 -> 0 | F32: =1-(('RÉCAPITULATIF - COMMANDE'!E32-'RÉCAPITULATIF - COMMANDE'!D32)/'RÉCAPITULATIF - COMMANDE'!D32) -> 0.58536585
A33: #16 | B33: Allegretto -130g | C33: ='RÉCAPITULATIF - COMMANDE'!F33 -> 0 | D33: ='RÉCAPITULATIF - COMMANDE'!E33*'RÉCAPITULATIF - COMMANDE'!F33 -> 0 | E33: =('RÉCAPITULATIF - COMMANDE'!E33-'RÉCAPITULATIF - COMMANDE'!D33)*'RÉCAPITULATIF - COMMANDE'!F33 -> 0 | F33: =1-(('RÉCAPITULATIF - COMMANDE'!E33-'RÉCAPITULATIF - COMMANDE'!D33)/'RÉCAPITULATIF - COMMANDE'!D33) -> 0.5
A34: #17 | B34: Du-Charme - 150g | C34: ='RÉCAPITULATIF - COMMANDE'!F34 -> 0 | D34: ='RÉCAPITULATIF - COMMANDE'!E34*'RÉCAPITULATIF - COMMANDE'!F34 -> 0 | E34: =('RÉCAPITULATIF - COMMANDE'!E34-'RÉCAPITULATIF - COMMANDE'!D34)*'RÉCAPITULATIF - COMMANDE'!F34 -> 0 | F34: =1-(('RÉCAPITULATIF - COMMANDE'!E34-'RÉCAPITULATIF - COMMANDE'!D34)/'RÉCAPITULATIF - COMMANDE'!D34) -> 0.52173913
A35: #18 | B35: Fredondaine - 150g | C35: ='RÉCAPITULATIF - COMMANDE'!F35 -> 0 | D35: ='RÉCAPITULATIF - COMMANDE'!E35*'RÉCAPITULATIF - COMMANDE'!F35 -> 0 | E35: =('RÉCAPITULATIF - COMMANDE'!E35-'RÉCAPITULATIF - COMMANDE'!D35)*'RÉCAPITULATIF - COMMANDE'!F35 -> 0 | F35: =1-(('RÉCAPITULATIF - COMMANDE'!E35-'RÉCAPITULATIF - COMMANDE'!D35)/'RÉCAPITULATIF - COMMANDE'!D35) -> 0.52173913
A36: #19 | B36: Rose - 150g | C36: ='RÉCAPITULATIF - COMMANDE'!F36 -> 0 | D36: ='RÉCAPITULATIF - COMMANDE'!E36*'RÉCAPITULATIF - COMMANDE'!F36 -> 0 | E36: =('RÉCAPITULATIF - COMMANDE'!E36-'RÉCAPITULATIF - COMMANDE'!D36)*'RÉCAPITULATIF - COMMANDE'!F36 -> 0 | F36: =1-(('RÉCAPITULATIF - COMMANDE'!E36-'RÉCAPITULATIF - COMMANDE'!D36)/'RÉCAPITULATIF - COMMANDE'!D36) -> 0.52173913
A37: #20 | B37: Bâtisseur - 180g | C37: ='RÉCAPITULATIF - COMMANDE'!F37 -> 0 | D37: ='RÉCAPITULATIF - COMMANDE'!E37*'RÉCAPITULATIF - COMMANDE'!F37 -> 0 | E37: =('RÉCAPITULATIF - COMMANDE'!E37-'RÉCAPITULATIF - COMMANDE'!D37)*'RÉCAPITULATIF - COMMANDE'!F37 -> 0 | F37: =1-(('RÉCAPITULATIF - COMMANDE'!E37-'RÉCAPITULATIF - COMMANDE'!D37)/'RÉCAPITULATIF - COMMANDE'!D37) -> 0.52173913
A38: #21 | B38: Rustik - 170g | C38: ='RÉCAPITULATIF - COMMANDE'!F38 -> 0 | D38: ='RÉCAPITULATIF - COMMANDE'!E38*'RÉCAPITULATIF - COMMANDE'!F38 -> 0 | E38: =('RÉCAPITULATIF - COMMANDE'!E38-'RÉCAPITULATIF - COMMANDE'!D38)*'RÉCAPITULATIF - COMMANDE'!F38 -> 0 | F38: =1-(('RÉCAPITULATIF - COMMANDE'!E38-'RÉCAPITULATIF - COMMANDE'!D38)/'RÉCAPITULATIF - COMMANDE'!D38) -> 0.6
A39: #22 | B39: Jocoeur (Bloc) - 250g | C39: ='RÉCAPITULATIF - COMMANDE'!F39 -> 0 | D39: ='RÉCAPITULATIF - COMMANDE'!E39*'RÉCAPITULATIF - COMMANDE'!F39 -> 0 | E39: =('RÉCAPITULATIF - COMMANDE'!E39-'RÉCAPITULATIF - COMMANDE'!D39)*'RÉCAPITULATIF - COMMANDE'!F39 -> 0 | F39: =1-(('RÉCAPITULATIF - COMMANDE'!E39-'RÉCAPITULATIF - COMMANDE'!D39)/'RÉCAPITULATIF - COMMANDE'!D39) -> 0.57692308
A40: #23 | B40: Tartineux nature - 150g | C40: ='RÉCAPITULATIF - COMMANDE'!F40 -> 0 | D40: ='RÉCAPITULATIF - COMMANDE'!E40*'RÉCAPITULATIF - COMMANDE'!F40 -> 0 | E40: =('RÉCAPITULATIF - COMMANDE'!E40-'RÉCAPITULATIF - COMMANDE'!D40)*'RÉCAPITULATIF - COMMANDE'!F40 -> 0 | F40: =1-(('RÉCAPITULATIF - COMMANDE'!E40-'RÉCAPITULATIF - COMMANDE'!D40)/'RÉCAPITULATIF - COMMANDE'!D40) -> 0.65217391
A41: #24 | B41: Tartineux fleur d'ail - 150g | C41: ='RÉCAPITULATIF - COMMANDE'!F41 -> 0 | D41: ='RÉCAPITULATIF - COMMANDE'!E41*'RÉCAPITULATIF - COMMANDE'!F41 -> 0 | E41: =('RÉCAPITULATIF - COMMANDE'!E41-'RÉCAPITULATIF - COMMANDE'!D41)*'RÉCAPITULATIF - COMMANDE'!F41 -> 0 | F41: =1-(('RÉCAPITULATIF - COMMANDE'!E41-'RÉCAPITULATIF - COMMANDE'!D41)/'RÉCAPITULATIF - COMMANDE'!D41) -> 0.65217391
A42: #25 | B42: Le Braséo - 230g | C42: ='RÉCAPITULATIF - COMMANDE'!F42 -> 0 | D42: ='RÉCAPITULATIF - COMMANDE'!E42*'RÉCAPITULATIF - COMMANDE'!F42 -> 0 | E42: =('RÉCAPITULATIF - COMMANDE'!E42-'RÉCAPITULATIF - COMMANDE'!D42)*'RÉCAPITULATIF - COMMANDE'!F42 -> 0 | F42: =1-(('RÉCAPITULATIF - COMMANDE'!E42-'RÉCAPITULATIF - COMMANDE'!D42)/'RÉCAPITULATIF - COMMANDE'!D42) -> 0.57692308
A43: #26 | B43: La Perle -200g | C43: ='RÉCAPITULATIF - COMMANDE'!F43 -> 0 | D43: ='RÉCAPITULATIF - COMMANDE'!E43*'RÉCAPITULATIF - COMMANDE'!F43 -> 0 | E43: =('RÉCAPITULATIF - COMMANDE'!E43-'RÉCAPITULATIF - COMMANDE'!D43)*'RÉCAPITULATIF - COMMANDE'!F43 -> 0 | F43: =1-(('RÉCAPITULATIF - COMMANDE'!E43-'RÉCAPITULATIF - COMMANDE'!D43)/'RÉCAPITULATIF - COMMANDE'!D43) -> 0.57142857
A44: #27 | B44: Beurre le Tombeur | C44: ='RÉCAPITULATIF - COMMANDE'!F44 -> 0 | D44: ='RÉCAPITULATIF - COMMANDE'!E44*'RÉCAPITULATIF - COMMANDE'!F44 -> 0 | E44: =('RÉCAPITULATIF - COMMANDE'!E44-'RÉCAPITULATIF - COMMANDE'!D44)*'RÉCAPITULATIF - COMMANDE'!F44 -> 0 | F44: =1-(('RÉCAPITULATIF - COMMANDE'!E44-'RÉCAPITULATIF - COMMANDE'!D44)/'RÉCAPITULATIF - COMMANDE'!D44) -> 0.3
B45: NON DISPONIBLE
D47: VENTE TOTALE | E47: BÉNÉFICE TOTAL
C48: TOTAL | D48: =SUM(D10:D14,D17:D19,D22:D23,D26:D29,D32:D44) -> 0 | E48: =SUM(E10:E14,E17:E19,E22:E23,E26:E29,E32:E44) -> 0

Sheet COMPILATION - VENDEUR
B2: ACTIVITÉ DE FINANCEMENT 2026-2027
B3: COMPILATION DU VENDEUR
B6: FROMAGE FRAIS | C6: Prix vente /Unité | D6: COMMANDE (Quantité) | E6: VENTE par produit (en $)
A7: #01 | B7: Grain frais - 200g | C7: ='RÉCAPITULATIF - COMMANDE'!E10 -> 8.5 | E7: =C7*D7 -> 0
A8: #02 | B8: Grain frais - 1 kg | C8: ='RÉCAPITULATIF - COMMANDE'!E11 -> 31 | E8: =C8*D8 -> 0
A9: #03 | B9: Cheddar frais BLANC - 230g | C9: ='RÉCAPITULATIF - COMMANDE'!E12 -> 8.5 | E9: =C9*D9 -> 0
A10: #04 | B10: Cheddar frais JAUNE - 230g | C10: ='RÉCAPITULATIF - COMMANDE'!E13 -> 8.5 | E10: =C10*D10 -> 0
A11: #05 | B11: Cheddar frais MARBRÉ - 230g | C11: ='RÉCAPITULATIF - COMMANDE'!E14 -> 8.5 | E11: =C11*D11 -> 0
B13: TORTILLON FROID | C13: Prix vente /Unité | D13: COMMANDE (Quantité) | E13: VENTE par produit (en $)
A14: #06 | B14: Tortillon Original - 50g | C14: ='RÉCAPITULATIF - COMMANDE'!E17 -> 3 | E14: =C14*D14 -> 0
A15: #07 | B15: Tortillon Original - 100g | C15: ='RÉCAPITULATIF - COMMANDE'!E18 -> 5 | E15: =C15*D15 -> 0
A16: #08 | B16: Tortillon BBQ - 50g | C16: ='RÉCAPITULATIF - COMMANDE'!E19 -> 3 | E16: =C16*D16 -> 0
B18: POUTINE | C18: Prix vente /Unité | D18: COMMANDE (Quantité) | E18: VENTE par produit (en $)
A19: #09 | B19: Poutine La Grosse - 400g | C19: ='RÉCAPITULATIF - COMMANDE'!E22 -> 9.75 | E19: =C19*D19 -> 0
A20: #10 | B20: Poutine La Familiale - 1kg | C20: ='RÉCAPITULATIF - COMMANDE'!E23 -> 23.25 | E20: =C20*D20 -> 0
B22: CHEDDAR | C22: Prix vente /Unité | D22: COMMANDE (Quantité) | E22: VENTE par produit (en $)
A23: #11 | B23: Cheddar Bacon & Érable - 230g | C23: ='RÉCAPITULATIF - COMMANDE'!E26 -> 9.25 | E23: =C23*D23 -> 0
A24: #12 | B24: Cheddar à fleur d'ail - 230g | C24: ='RÉCAPITULATIF - COMMANDE'!E27 -> 9.25 | E24: =C24*D24 -> 0
A25: #13 | B25: Brique cheddar jaune froide - 1,25kg | C25: ='RÉCAPITULATIF - COMMANDE'!E28 -> 26 | E25: =C25*D25 -> 0
A26: #14 | B26: Brique cheddar marbré froide - 1,25kg | C26: ='RÉCAPITULATIF - COMMANDE'!E29 -> 26 | E26: =C26*D26 -> 0
B28: FROMAGES FINS | C28: Prix vente /Unité | D28: COMMANDE (Quantité) | E28: VENTE par produit (en $)
A29: #15 | B29: Nordik | Expérience gourmande - 580g | C29: ='RÉCAPITULATIF - COMMANDE'!E32 -> 29 | E29: =C29*D29 -> 0
A30: #16 | B30: Allegretto - 130g | C30: ='RÉCAPITULATIF - COMMANDE'!E33 -> 9.75 | E30: =C30*D30 -> 0
A31: #17 | B31: Du-Charme - 150g | C31: ='RÉCAPITULATIF - COMMANDE'!E34 -> 8.5 | E31: =C31*D31 -> 0
A32: #18 | B32: Fredondaine - 150g | C32: ='RÉCAPITULATIF - COMMANDE'!E35 -> 8.5 | E32: =C32*D32 -> 0
A33: #19 | B33: Rose - 150g | C33: ='RÉCAPITULATIF - COMMANDE'!E36 -> 8.5 | E33: =C33*D33 -> 0
A34: #20 | B34: Bâtisseur - 150g | C34: ='RÉCAPITULATIF - COMMANDE'!E37 -> 8.5 | E34: =C34*D34 -> 0
A35: #21 | B35: Rustik - 170g | C35: ='RÉCAPITULATIF - COMMANDE'!E38 -> 10.5 | E35: =C35*D35 -> 0
A36: #22 | B36: Jocoeur (Bloc) - 250g | C36: ='RÉCAPITULATIF - COMMANDE'!E39 -> 9.25 | E36: =C36*D36 -> 0
A37: #23 | B37: Tartineux nature - 150g | C37: ='RÉCAPITULATIF - COMMANDE'!E40 -> 7.75 | E37: =C37*D37 -> 0
A38: #24 | B38: Tartineux fleur d'ail - 150g | C38: ='RÉCAPITULATIF - COMMANDE'!E41 -> 7.75 | E38: =C38*D38 -> 0
A39: #25 | B39: Le Braséo - 230g | C39: ='RÉCAPITULATIF - COMMANDE'!E42 -> 9.25 | E39: =C39*D39 -> 0
A40: #26 | B40: La Perle - 200g | C40: 10
A41: #27 | B41: Beurre le Tombeur 454g | C41: 8.5
B43: NON DISPONIBLE | D43: TOTAL | E43: =SUM(E7:E11,E14:E16,E19:E20,E23:E26,E29:E41) -> 0
A45: Ces prix sont en vigueur jusqu'au 30 juin 2027. Cependant, veuillez prendre note que les prix sont sujets à changement sans préavis.
A47: NOM DU VENDEUR:

Sheet FEUILLE DE VENTE
A2: ACTIVITÉ DE FINANCEMENT 26/27 | G2: NOM DU VENDEUR | S2: TÉLÉPHONE | Z2: ORGANISATION | AC2: FORMULAIRE
A3: | FEUILLE DE VENTE | AC3: _____ | AD3: DE | AE3: _____
G6: Grains FRAIS 200 g | H6: Grains FRAIS 1 kg | I6: Bloc blanc FRAIS 230g | J6: Bloc jaune FRAIS 230g | K6: Bloc marbré FRAIS 230g | L6: Tortillons 50g original | M6: Tortillons 100g original | N6: Tortillons 50g BBQ | O6: Poutine la Grosse 400g | P6: Poutine la Familiale 1kg | Q6: Bacon & érable 230g | R6: Fleur d'ail 230g | S6: Cheddar jaune 1.25kg | T6: Cheddar marbré 1.25kg | U6: Boîte Nordik | V6: Allegretto 130g | W6: Du-Charme 150g | X6: Fredondaine 150g | Y6: Rose 150g | Z6: Bâtisseur 150g | AA6: Rustik 170g | AB6: Jocoeur 250g | AC6: Tartineux Nature 150g | AD6: Tartineux fleur d'Ail 150g | AE6: Le Braséo 230g | AF6: La Perle pointe 200g | AG6: Beurre la Tombeur 454g
B7: INFORMATIONS DU CLIENT | F7: COMMANDE | G7: #01 | H7: #02 | I7: #03 | J7: #04 | K7: #05 | L7: #06 | M7: #07 | N7: #08 | O7: #09 | P7: #10 | Q7: #11 | R7: #12 | S7: #13 | T7: #14 | U7: #15 | V7: #16 | W7: #17 | X7: #18 | Y7: #19 | Z7: #20 | AA7: #21 | AB7: #22 | AC7: #23 | AD7: #24 | AE7: #25 | AF7: #26 | AG7: #27 | AI7: TOTAL
G8: 8.5 | H8: 31 | I8: 8.5 | J8: 8.5 | K8: 8.5 | L8: 3 | M8: 5 | N8: 3 | O8: 9.75 | P8: 23.25 | Q8: 9.25 | R8: 9.25 | S8: 26 | T8: 26 | U8: 29 | V8: 9.75 | W8: 8.5 | X8: 8.5 | Y8: 8.5 | Z8: 8.5 | AA8: 10.5 | AB8: 9.25 | AC8: 7.75 | AD8: 7.75 | AE8: 9.25 | AF8: 10 | AG8: 8.5
A9: 1 | B9: NOM: | F9: QUANTITÉ | AI9: =SUM(G9:AG9) -> 0
B10: TÉL: | F10: MONTANT $ | AI10: =SUM(G10:AG10) -> 0
A11: 2 | B11: NOM: | F11: QUANTITÉ | AI11: =SUM(G11:AG11) -> 0
B12: TÉL: | F12: MONTANT $ | AI12: =SUM(G12:AG12) -> 0
A13: 3 | B13: NOM: | F13: QUANTITÉ | AI13: =SUM(G13:AG13) -> 0
B14: TÉL: | F14: MONTANT $ | AI14: =SUM(G14:AG14) -> 0
A15: 4 | B15: NOM: | F15: QUANTITÉ | AI15: =SUM(G15:AG15) -> 0
B16: TÉL: | F16: MONTANT $ | AI16: =SUM(G16:AG16) -> 0
A17: 5 | B17: NOM: | F17: QUANTITÉ | AI17: =SUM(G17:AG17) -> 0
B18: TÉL: | F18: MONTANT $ | AI18: =SUM(G18:AG18) -> 0
A19: 6 | B19: NOM: | F19: QUANTITÉ | AI19: =SUM(G19:AG19) -> 0
B20: TÉL: | F20: MONTANT $ | AI20: =SUM(G20:AG20) -> 0
A21: 7 | B21: NOM: | F21: QUANTITÉ | AI21: =SUM(G21:AG21) -> 0
B22: TÉL: | F22: MONTANT $ | AI22: =SUM(G22:AG22) -> 0
A23: 8 | B23: NOM: | F23: QUANTITÉ | AI23: =SUM(G23:AG23) -> 0
B24: TÉL: | F24: MONTANT $ | AI24: =SUM(G24:AG24) -> 0
A25: 9 | B25: NOM: | F25: QUANTITÉ | AI25: =SUM(G25:AG25) -> 0
B26: TÉL: | F26: MONTANT $ | AI26: =SUM(G26:AG26) -> 0
A27: 10 | B27: NOM: | F27: QUANTITÉ | AI27: =SUM(G27:AG27) -> 0
B28: TÉL: | F28: MONTANT $ | AI28: =SUM(G28:AG28) -> 0
A29: Total de cette feuille | F29: QUANTITÉ | AI29: =SUM(G29:AG29) -> 0
F30: MONTANT $ | AI30: =SUM(G30:AG30) -> 0
AD32: Total $ | AI32: =SUM(AI9:AI30) -> 0
